 Dungeon Crawl Stone Soup version 0.29.0-4-gdea44cf6ec (webtiles) character file.

Game seed: 12895751055593477884

42 qw the Chopper (level 3, 0/21 HPs)
             Began as a Tengu Warper on Aug 28, 2022.
             Succumbed to their own poison gas
             ... on level 1 of the Dungeon.
             The game lasted 00:00:07 (1143 turns).

qw the Chopper (Tengu Warper)                       Turns: 1143, Time: 00:00:07

Health: 0/21       AC:  3    Str: 13    XL:     3   Next: 54%
Magic:  7/7        EV: 12    Int: 13    God:
Gold:   8          SH:  0    Dex: 13    Spells: 6/6 levels left

rFire   . . .      SeeInvis .   Y - +0 war axe
rCold   . . .      Faith    .   (no shield)
rNeg    . . .      Spirit   .   b - +0 leather armour
rPois   .          Reflect  .   (helmet restricted)
rElec   .          Harm     .   (no cloak)
rCorr   .          Rampage  .   (no gloves)
Will    .....                   (boots unavailable)
Stlth   +.........              (no amulet)
HPRegen 0.07/turn               (no ring)
MPRegen 0.10/turn               (no ring)

@: lethally poisoned (0 -> -7)
A: beak, talons 3
a: no special abilities


You were on level 1 of the Dungeon.
You visited 1 branch of the dungeon, and saw 1 of its levels.

You collected 8 gold pieces.


Innate Abilities, Weirdness & Mutations

You have a beak for a mouth.
You have claws for feet.


   Skills:
 - Level 2.0 Fighting
 + Level 4.2 Axes
 - Level 1.0 Throwing
 - Level 1.1 Armour
 - Level 2.1 Dodging
 - Level 2.0 Spellcasting
 - Level 2.4 Translocations


You had 6 spell levels left.
You didn't know any spells.
Your spell library contained the following spells:

 Spells                   Type           Power      Damage    Failure   Level
 Blink                    Tloc           14%        N/A       19%         2
 Gell's Gravitas          Tloc           7%         N/A       36%         3
 Lesser Beckoning         Tloc           7%         N/A       36%         3
 Teleport Other           Tloc           7%         N/A       36%         3
 Manifold Assault         Tloc           7%         N/A       98%         5

Inventory:

Hand Weapons
 a - a +0 whip
 Y - a +0 war axe (weapon)
Armour
 b - a +0 leather armour (worn)
Scrolls
 h - a scroll of identify
Potions
 e - a potion of heal wounds
 f - a potion of curing {unknown}

Dungeon Overview and Level Annotations

Branches:
Dungeon (1/15)

Altars:


Message History

Done exploring.
Enter note: Done exploring.
1134 ||| READING 3 scrolls labelled BUOTIA KAZEN.
As you read the scroll labelled BUOTIA KAZEN, it crumbles to dust.
It is a scroll of identify.
Really abort (and waste the scroll)?
Done exploring.
1135 ||| READING scroll labelled BYSUCHOCOE.
The air fills with toxic fumes!
As you read the scroll labelled BYSUCHOCOE, it crumbles to dust.
It was a scroll of poison.
Done exploring.
1136 ||| READING 2 scrolls of identify.
As you read the scroll of identify, it crumbles to dust.
e - a potion of heal wounds;
1136 ||| IDENTIFYING silvery potion Done exploring.
1137 ||| DROPPING scroll of blinking.
You drop a scroll of blinking.
Done exploring.
(D) Dungeon
Where to? (* - list waypoints, ? - help)
What level of the Dungeon? (default 1, ? - help) Sorry, I don't know how to get there.
Done exploring.
1138 ||| Stepping randomly (stuck).
Really walk into that cloud of poison gas?
You are engulfed in poison gas.
You are lethally poisoned!
You feel very sick.
1139 ||| Stepping ~*~*~tactically~*~*~ (cloud).
You feel very sick.
You see here a scroll of blinking.
There is a lethal amount of poison in your body!
You feel very sick.
There is a lethal amount of poison in your body!
You feel sick.
There is a lethal amount of poison in your body!
You feel sick.
There is a lethal amount of poison in your body!
You die...

#.#...#......_###...#
#....#####.
#.#........\....##### #....#
## #.#..........##0# ##....#
#.#..........##0# #.....#
#.#..........##¤######.....#
#............#¤0¤0000......#
####.........#0¤¤0¤##.#....#
#.........#¤000¤#.......#
#.........#¤¤@00#########
###########¤0¤### #¤¤0#
#000# #0¤¤# #¤¤¤# #####


There were no monsters in sight!

Vanquished Creatures
  A dart slug (D:1)
  3 endoplasms (D:1)
  2 giant cockroaches (D:1)
  4 goblins (D:1)
  2 hobgoblins (D:1)
  4 jackals (D:1)
  3 kobolds (D:1)
  3 quokkas (D:1)
  4 ball pythons (D:1)
  2 bats (D:1)
  2 frilled lizards (D:1)
  6 rats (D:1)
36 creatures vanquished.

Vanquished Creatures (others)
  A plant (D:1)
1 creature vanquished.

Grand Total: 37 creatures vanquished

Notes
Turn   | Place    | Note
-------+----------+-------------------------------------------
     0 | D:1      | qw the Tengu Warper began the quest for the Orb.
     0 | D:1      | Reached XP level 1. HP: 12/12 MP: 4/4
     0 | D:1      | 0 ||| qw: Version: 0.1-a-89-g26bdef1
     0 | D:1      | 0 ||| qw: Game counter: 2039
     0 | D:1      | 0 ||| qw: Always use a shield: true
     0 | D:1      | 0 ||| qw: God list: Okawaru
     0 | D:1      | 0 ||| qw: Allow faded altars: false
     0 | D:1      | 0 ||| qw: Do Orc after D:15 true
     0 | D:1      | 0 ||| qw: Do second Lair branch before Depths: true
     0 | D:1      | 0 ||| qw: Lair rune preference: random
     0 | D:1      | 0 ||| qw: Plans: Normal
     0 | D:1      | 0 ||| PLANNING D:1-11
    81 | D:1      | Reached XP level 2. HP: 17/17 MP: 6/6
    94 | D:1      | Reached skill level 3 in Axes
   147 | D:1      | 147 ||| Stepping ~*~*~tactically~*~*~ (stealth).
   148 | D:1      | 148 ||| Stepping ~*~*~tactically~*~*~ (stealth).
   153 | D:1      | 153 ||| Stepping ~*~*~tactically~*~*~ (stealth).
   563 | D:1      | Found a faded altar of an unknown god.
   615 | D:1      | Reached XP level 3. HP: 17/21 MP: 7/7
   773 | D:1      | 773 ||| SWAPPING to +0 war axe.
   777 | D:1      | 777 ||| DROPPING +0 hand axe.
   791 | D:1      | Reached skill level 4 in Axes
   846 | D:1      | 846 ||| DROPPING +0 club.
   960 | D:1      | 960 ||| Stepping ~*~*~tactically~*~*~ (hiding).
  1080 | D:1      | 1080 ||| Stepping ~*~*~tactically~*~*~ (stealth).
  1082 | D:1      | 1082 ||| Stepping ~*~*~tactically~*~*~ (stealth).
  1084 | D:1      | 1084 ||| Stepping ~*~*~tactically~*~*~ (stealth).
  1088 | D:1      | 1088 ||| Stepping ~*~*~tactically~*~*~ (stealth).
  1089 | D:1      | 1089 ||| Stepping ~*~*~tactically~*~*~ (stealth).
  1134 | D:1      | 1134 ||| READING 3 scrolls labelled BUOTIA KAZEN.
  1135 | D:1      | 1135 ||| READING scroll labelled BYSUCHOCOE.
  1136 | D:1      | 1136 ||| READING 2 scrolls of identify.
  1136 | D:1      | 1136 ||| IDENTIFYING silvery potion
  1137 | D:1      | 1137 ||| DROPPING scroll of blinking.
  1138 | D:1      | 1138 ||| Stepping randomly (stuck).
  1139 | D:1      | 1139 ||| Stepping ~*~*~tactically~*~*~ (cloud).
  1140 | D:1      | HP: 5/21 [poisoned by you (poison gas)]
  1142 | D:1      | HP: 1/21 [poisoned by you (poison gas)]
  1143 | D:1      | Succumbed to their own poison gas

Levels and vault maps discovered:
D:1:      dpeg_arrival_orchard, layout_basic,
          ebering_ecumenical_altar_abandoned, st_stairs_3

Skill      XL: |  1  2  3 |
---------------+----------+-----
Axes           | 3 4 |  4.2
Fighting       | |  2.0
Throwing       | |  1.0
Armour         | |  1.1
Dodging        | |  2.1
Spellcasting   | |  2.0
Translocations | |  2.4

Action                   || total
-------------------------++-------
Melee: Hand axe          ||    53
       Kick              ||    19
       Peck              ||    10
       War axe           ||    18
Throw: Boomerang         ||     7
  Use: Scroll            ||     3
Armor: Leather armour    ||    15
Dodge: Dodged            ||    39

Table legend:
 A = Non-vault XP
 B = Vault XP
 C = Vault XP percentage of total XP
 D = Non-vault monster count
 E = Vault monster count
 F = Vault count percentage of total count
                 A         B        C        D         E       F
            +---------+---------+-------+---------+---------+-------
      Total |      56 |       4 |   6.7 |      33 |       3 |   8.3
            +---------+---------+-------+---------+---------+-------
        D:1 |      56 |       4 |   6.7 |      33 |       3 |   8.3
            +---------+---------+-------+---------+---------+-------
